 Dungeon Crawl Stone Soup version 0.31-a0-1370-gf52a5a9ab3 (webtiles) character file.

Game seed: 12729358959955637381

70915 Laraso the Bludgeoner (level 15, -10/149 HPs)
             Began as an Oni Cinder Acolyte on Dec 23, 2023.
             Was a High Priest of Ignis.
             Killed from afar by an ironbound thunderhulk (34 damage)
             ... with a bolt of lightning
             ... on level 14 of the Dungeon.
             The game lasted 01:04:40 (32149 turns).

Laraso the Bludgeoner (Oni Cinder Acolyte)         Turns: 32149, Time: 01:04:40

Health: -10/149    AC:  7    Str: 20    XL:     15   Next: 34%
Magic:  22/24      EV: 24    Int: 30    God:    Ignis [*****.]
Gold:   1547       SH:  0    Dex:  7    Spells: 5/26 levels left

rFire   + + .        a - +7 great mace "Undeadhunter" {deathbane, rN+}
rCold   + + +        (shield currently unavailable)
rNeg    + . .        M - +4 skin of Zhor {*Englaciate rC+++ SInv}
rPois   .            (helmet restricted)
rElec   .            (no cloak)
rCorr   .            (gloves unavailable)
SInv    +            (boots unavailable)
Will    +....        P - amulet "Kucweqau" {Acrobat rC++}
Stlth   +            t - ring of fire
HPRegen 0.44/turn    R - +6 ring of intelligence
MPRegen 0.19/turn

%: acrobat
@: acrobatic, very slightly contaminated
A: large, unfitting armour, horns 1, tough skin 1, double potion healing,
drunken brawling, agile 1, clever 1, cold resistance 1
a: Renounce Religion, Fiery Armour, Foxfire Swarm, Rising Flame


You were on level 14 of the Dungeon.
You worshipped Ignis.
Ignis was extremely pleased with you.
You visited 3 branches of the dungeon, and saw 20 of its levels.
You visited the Abyss 1 time.
You also visited: Gauntlet.

You collected 1547 gold pieces.

Inventory:

Hand Weapons
 a - the +7 great mace "Undeadhunter" (weapon) {deathbane, rN+}
   (You acquired it on level 5 of the Lair of Beasts)

   rN+:       It protects you from negative energy.
 b - a +0 giant spiked club of protection
Missiles
 g - a throwing net
Armour
 A - +0 steam dragon scales
 M - the +4 skin of Zhor (worn) {*Englaciate rC+++ SInv}
   (You found it on level 2 of the Lair of Beasts)

   *Englaciate: It radiates cold, occasionally slowing all nearby creatures who
   are not resistant to cold.
   rC+++:     It renders you almost immune to cold.
   SInv:      It lets you see invisible.
Magical Staves
 S - a staff of death
 T - a staff of fire
Jewellery
 k - a ring of protection from fire
 l - a ring of poison resistance
 o - a ring of positive energy
 r - a ring of willpower
 t - a ring of fire (left hand)
 z - a ring of see invisible
 E - a +5 ring of evasion
 P - the amulet "Kucweqau" (around neck) {Acrobat rC++}
   (You found it on level 3 of the Lair of Beasts)

   [amulet of the acrobat]

   Acrobat:   It increases your evasion while moving and waiting.
   rC++:      It greatly protects you from cold.
 R - a +6 ring of intelligence (right hand)
Wands
 m - a wand of flame (69)
 F - a wand of quicksilver (9)
 H - a wand of charming (2)
 I - a wand of mindburst (17)
 J - a wand of polymorph (11)
Scrolls
 d - 4 scrolls of poison
 e - 4 scrolls of teleportation
 h - 8 scrolls of immolation
 i - a scroll of fog {unknown}
 s - 3 scrolls of amnesia
 v - 3 scrolls of enchant armour
 w - a scroll of blinking
 y - 5 scrolls of fear
 C - a scroll of silence {unknown}
 L - 4 scrolls of summoning
 N - a scroll of revelation
 O - 2 scrolls of vulnerability {unknown}
 U - a scroll of enchant weapon {unknown}
Potions
 c - 6 potions of ambrosia
 f - 2 potions of mutation
 j - 4 potions of might
 n - 4 potions of heal wounds
 p - 5 potions of enlightenment
 q - 3 potions of curing
 u - 3 potions of magic {unknown}
 x - 4 potions of attraction {unknown}
 D - 4 potions of cancellation {unknown}
 G - a potion of resistance {unknown}
 K - 5 potions of lignification {unknown}
 Q - 3 potions of haste {unknown}


   Skills:
 - Level 10.0 Fighting
 * Level 17.2 Maces & Flails
 - Level 5.0 Armour
 - Level 2.0 Dodging
 - Level 6.0 Spellcasting
 - Level 10.0 Conjurations
 - Level 5.0 Hexes
 - Level 3.0 Translocations
 - Level 5.0 Fire Magic
 - Level 3.0 Air Magic
 - Level 4.0 Earth Magic
 - Level 10.0 Alchemy


You had 5 spell levels left.
You knew the following spells:

 Your Spells              Type           Power      Damage    Failure   Level
a - Scorch                Fire           100%       2d9       1%          2
b - Blink                 Tloc           54%        N/A       2%          2
c - Inner Flame           Hex/Fire       55%        N/A       1%          3
d - Fulminant Prism       Conj/Alch      31%        3d15      1%          4
e - Jinxbite              Hex            78%        N/A       1%          2
f - Irradiate             Conj/Alch      31%        3d22      2%          5
s - Swiftness             Air            27%        N/A       4%          3

Your spell library contained the following spells:

 Spells                   Type           Power      Damage    Failure   Level
 Apportation              Tloc           54%        N/A       1%          1
 Magic Dart               Conj           100%       1d8       1%          1
 Sandblast                Erth           66%        2d15      1%          1
 Passwall                 Alch/Erth      41%        N/A       1%          2
 Searing Ray              Conj           100%       2d8       1%          2
 Stone Arrow              Conj/Erth      100%       3d13      1%          3
 Ensorcelled Hibernation  Hex/Ice        48%        N/A       2%          2
 Ignite Poison            Fire/Alch      69%        N/A       2%          4
 Sticky Flame             Fire/Alch      69%        2d11      2%          4
 Alistair's Intoxication  Alch           41%        N/A       2%          5
 Brom's Barrelling Bould  Conj/Erth      50%        2d7       3%          4
 Leda's Liquefaction      Alch/Erth      25%        N/A       3%          4
 Petrify                  Alch/Erth      50%        N/A       3%          4
 Call Imp                 Summ           18%        N/A       8%          2
 Frozen Ramparts          Ice            18%        1d3       16%         3
 Metabolic Englaciation   Hex/Ice        12%        N/A       45%         5
 Ignition                 Fire           27%        3d9       100%        8


Dungeon Overview and Level Annotations

Branches:
Dungeon (14/15)            Temple (1/1) D:4            Lair (5/5) D:11
  Swamp (0/4) Lair:3       Spider (0/4) Lair:2        Slime (0/5) Lair:5
    Orc (0/2) D:11        Gauntlet (visited)
 Vaults: D:13-14

Altars:
Ashenzari
Cheibriados
Dithmenos
Elyvilon
Fedhas
Gozag
Hepliaklqana
Kikubaaqudgha
Makhleb
Nemelex Xobeh
Okawaru
Qazlal
Ru
Sif Muna
Trog
Uskayaw
Vehumet
Wu Jian
Xom
Yredelemnul
Zin
The Shining One

Shops:
D:2 [

Annotations:
D:10 exclusion: obsidian statue
Lair:1 Amaemon


Innate Abilities, Weirdness & Mutations

You are too large for most types of armour.
You have a pair of small horns on your head.
You have tough skin. (AC +1)
You gain doubled healing and magic from potions.
Whenever you drink a healing potion, you attack all around you.
You are agile. (Dex +4, Str/Int -1)
Your mind is acute. (Int +4, Str/Dex -1)
Your flesh is cold resistant. (rC+)


Message History

You sock the ogre mage! Your headbutt misses the ogre mage.
The ogre mage is almost dead.
A vault guard comes into view. It is wielding a +0 battleaxe.
Strange energies crackle from the ironbound thunderhulk's apparatus.
The ironbound thunderhulk blinks!
The ogre mage points at you and mumbles some strange words.
The bolt of magma hits you! You partially resist.
You completely miss the ogre mage.
The vault guard shouts!
You headbutt the ogre mage.
The ogre mage is almost dead.
A vault guard comes into view. It is wielding a +0 battleaxe.
Unknown command.
You radiate an aura of cold.
The ironbound thunderhulk resists.
The ogre mage seems to slow down.
The human seems to slow down.
The vault guard seems to slow down.
Strange energies crackle from the ironbound thunderhulk's apparatus.
The ironbound thunderhulk blinks!
The ogre mage closely misses you.
Electricity crackles from the ironbound thunderhulk's apparatus.
The bolt of lightning hits you!!!
You radiate an aura of cold.
The ogre mage seems to slow down.
The human seems to slow down.
The ironbound thunderhulk resists.
Strange energies crackle from the ironbound thunderhulk's apparatus.
The ironbound thunderhulk blinks!
Electricity crackles from the ironbound thunderhulk's apparatus.
The bolt of lightning hits you!!!
The ogre mage gestures at you while chanting.
You suddenly lose the ability to move!
Electricity crackles from the ironbound thunderhulk's apparatus.
The bolt of lightning hits you!!
* * * LOW HITPOINT WARNING * * *
The vault guard shouts!
You can move again.
Blink to where?
Press: ? - help, Dir - move target
As you read the scroll of blinking, it crumbles to dust.
Unknown command.
Electricity crackles from the ironbound thunderhulk's apparatus.
The bolt of lightning hits you!!
You die...

#............
#...........#
#...........#
#...........#
#...........#
#...........#
######...........#
#................#
#@################
##.# #..# #.##
##.# #..# ###O##
##...# #..###


You could see an ironbound thunderhulk (fast).

Vanquished Creatures
  Jorgrun (D:14)
  A tentacled starspawn (Abyss:1)
  The ghost of Hanaexe the Black Belt, a journeyman DgDe (Lair:5)
  A lorocyproca (Abyss:1)
  A minotaur (Gauntlet)
  The ghost of Arivif Woug the Cleaver, a journeyman MiFi of Okawaru (D:13)
  4 hydras
  4 centaur warriors (D:14)
  A catoblepas (Lair:5)
  4 boulder beetles
  Urug (Lair:4)
  6 death yaks
  Sonja (D:13)
  2 skysharks
  A pharaoh ant (Lair:2)
  A shadow wraith (Abyss:1)
  Lodul (D:10)
  2 deep elf pyromancers (D:13)
  6 ugly things
  5 cyclopes
  2 manticores
  A large abomination (Abyss:1)
  A moth of wrath (Gauntlet)
  8 black mambas
  3 elephants (Lair:5)
  A gargoyle (D:12)
  Joseph (D:7)
  7 cane toads
  3 torpor snails
  A hellion (Abyss:1)
  6 komodo dragons
  An efreet (D:11)
  4 rime drakes
  An ancient zyme (Abyss:1)
  3 trolls (D:12)
  A queen bee (D:10)
  3 meliai (D:13)
  5 polar bears
  A tarantella (Lair:2)
  Prince Ribbit (Lair:2)
  6 hornets (Lair:5)
  8 blink frogs
  A raiju (Abyss:1)
  2 dream sheep (Lair:5)
  A spriggan (shapeshifter) (D:13)
  12 spriggans (Lair:5)
  Sigmund (D:6)
  2 vampires
  2 wraiths
  A ynoxinul (Abyss:1)
  8 slime creatures
  2 humans (D:14)
  10 wyverns
  45 yaks
  Eustachio (D:6)
  Menkaure (D:5)
  A steam dragon (D:7)
  3 swamp worms (Gauntlet)
  5 vampire mosquitoes
  14 water moccasins
  An acid dragon (D:8)
  4 orc warriors
  6 ice beasts
  5 black bears
  An oni (shapeshifter) (D:12)
  2 boggarts (Lair:5)
  3 laughing skulls (Abyss:1)
  A tengu (shapeshifter) (Abyss:1)
  9 ogres (D:10)
  46 wolves
  The ghost of ThrustWizard the Ruffian, an amateur DrSh (D:3)
  16 centaurs
  Blork the orc (D:5)
  11 bullfrogs
  A brain worm (Abyss:1)
  A gnoll sergeant (D:8)
  5 scorpions
  8 wights
  32 killer bees
  A howler monkey (D:7)
  4 electric eels (Lair:3)
  3 hounds
  3 jellies
  7 orc priests
  A gnoll bouda (D:7)
  4 orc wizards
  8 gnolls
  6 adders
  2 white imps
  A bombardier beetle (D:6)
  An ufetubus (Abyss:1)
  2 worms
  A dart slug (D:3)
  34 orcs
  6 ball pythons
  3 bats
  8 endoplasms
  3 giant cockroaches
  4 goblins
  6 hobgoblins
  3 jackals (D:1)
  3 quokkas
  3 frilled lizards
  5 kobolds
  2 rats
503 creatures vanquished.

Vanquished Creatures (collateral kills)
  9 boulders
9 creatures vanquished.

Vanquished Creatures (others)
  A yak (D:11)
  A boulder (Lair:3)
  25 fulminant prisms
  2 starspawn tentacles (Abyss:1)
29 creatures vanquished.

Grand Total: 541 creatures vanquished

Notes
Turn   | Place    | Note
-------+----------+-------------------------------------------
     0 | D:1      | Laraso the Oni Cinder Acolyte began the quest for the Orb.
     0 | D:1      | Reached XP level 1. HP: 24/24 MP: 2/2
   212 | D:1      | Reached XP level 2. HP: 32/33 MP: 2/4
   221 | D:1      | Learned a level 2 spell: Scorch
   915 | D:2      | Reached XP level 3. HP: 41/41 MP: 5/5
  1199 | D:2      | Learned a level 2 spell: Jinxbite
  1214 | D:2      | Found Ilic's Antique Armour Emporium.
  1742 | D:3      | Found a radiant altar of Vehumet.
  1926 | D:3      | Found a runed translucent door.
  1926 | D:3      | Noticed ThrustWizard's ghost (amateur DrSh)
  2023 | D:3      | Found a snail-covered altar of Cheibriados.
  2028 | D:3      | Reached skill level 1 in Hexes
  2245 | D:3      | Found a glowing silver altar of Zin.
  2304 | D:3      | Reached XP level 4. HP: 48/49 MP: 2/7
  2426 | D:3      | Found an opulent altar of Gozag.
  2477 | D:3      | Noticed a black bear
  2485 | D:3      | Killed a black bear
  2486 | D:3      | Reached XP level 5. HP: 42/55 MP: 1/9
  2567 | D:3      | Killed ThrustWizard's ghost
  2568 | D:3      | Reached skill level 4 in Maces & Flails
  2568 | D:3      | Reached XP level 6. HP: 65/65 MP: 1/10
  3143 | D:4      | Reached skill level 5 in Fighting
  3335 | D:4      | Found a broken altar of Ashenzari.
  3367 | D:4      | Found a staircase to the Ecumenical Temple.
  3375 | D:4      | Reached skill level 5 in Maces & Flails
  3488 | Temple   | Entered the Ecumenical Temple
  3736 | D:5      | Entered Level 5 of the Dungeon
  3741 | D:5      | Noticed Blork the orc
  3749 | D:5      | Killed Blork the orc
  3750 | D:5      | Reached XP level 7. HP: 54/72 MP: 1/11
  3923 | D:5      | Noticed Menkaure
  4040 | D:5      | Killed Menkaure
  4041 | D:5      | Reached skill level 6 in Maces & Flails
  4092 | D:5      | Learned a level 3 spell: Swiftness
  4137 | D:5      | Found a hide-covered altar of Uskayaw.
  4248 | D:5      | Reached skill level 1 in Air Magic
  4337 | D:5      | Found a basalt altar of Yredelemnul.
  4766 | D:6      | Reached XP level 8. HP: 63/80 MP: 9/12
  4877 | D:6      | Identified the +1 hand axe "Transmigrator" {heavy, rElec
                  | Dex+6}
  4957 | D:6      | Noticed Sigmund
  4971 | D:6      | Killed Sigmund
  4972 | D:6      | Reached skill level 7 in Maces & Flails
  5180 | D:6      | Noticed Eustachio
  5206 | D:6      | Killed Eustachio
  5403 | D:6      | Reached skill level 5 in Hexes
  5493 | D:6      | Reached skill level 8 in Maces & Flails
  6388 | D:7      | Noticed Joseph
  6410 | D:7      | Killed Joseph
  6411 | D:7      | Reached skill level 9 in Maces & Flails
  6411 | D:7      | Reached XP level 9. HP: 32/88 MP: 3/13
  6914 | D:7      | Reached skill level 10 in Maces & Flails
  7855 | D:8      | Reached skill level 11 in Maces & Flails
  8412 | D:8      | Reached XP level 10. HP: 95/96 MP: 11/14
  8571 | D:8      | Reached skill level 12 in Maces & Flails
  8839 | D:8      | Found a stormy altar of Qazlal.
  8906 | D:8      | Found an ornate altar of the Wu Jian Council.
  9592 | D:9      | Learned a level 2 spell: Blink
  9615 | D:9      | Found a burning altar of Makhleb.
  9916 | D:9      | Reached skill level 1 in Translocations
 10032 | D:9      | Found a glowing golden altar of the Shining One.
 10095 | D:10     | Entered Level 10 of the Dungeon
 10109 | D:10     | Noticed an obsidian statue
 10204 | D:10     | Found a sparkling altar of Nemelex Xobeh.
 10248 | D:10     | Reached skill level 13 in Maces & Flails
 11356 | D:10     | Reached skill level 14 in Maces & Flails
 11386 | D:10     | Reached XP level 11. HP: 97/104 MP: 9/16
 11771 | D:10     | Noticed Lodul
 11789 | D:10     | Killed Lodul
 11790 | D:10     | Reached skill level 1 in Armour
 11790 | D:10     | Reached skill level 1 in Dodging
 12199 | D:11     | Found a staircase to the Lair.
 12199 | D:11     | Noticed a white ugly thing
 12219 | D:11     | Killed a white ugly thing
 12220 | D:11     | Reached skill level 5 in Spellcasting
 12718 | D:11     | Found a staircase to the Orcish Mines.
 12996 | D:11     | Noticed a brown ugly thing
 13019 | D:11     | Killed a brown ugly thing
 13178 | Lair:1   | Entered Level 1 of the Lair of Beasts
 13467 | Lair:1   | Reached skill level 10 in Fighting
 13480 | Lair:1   | Reached XP level 12. HP: 119/126 MP: 17/21
 13493 | Lair:1   | Learned a level 4 spell: Brom's Barrelling Boulder
 13652 | Lair:1   | Reached skill level 1 in Conjurations
 13652 | Lair:1   | Reached skill level 1 in Earth Magic
 13715 | Lair:1   | Reached skill level 5 in Armour
 13929 | Lair:1   | Noticed Amaemon
 14120 | Lair:2   | Noticed Prince Ribbit
 14151 | Lair:2   | Killed Prince Ribbit
 14400 | Lair:2   | Found the +4 skin of Zhor {*Englaciate rC+++ SInv}
 15316 | Lair:2   | Reached skill level 5 in Conjurations
 15692 | Lair:2   | Found a hole to the Spider Nest.
 15872 | Lair:2   | Learned a level 5 spell: Irradiate
 16412 | Lair:3   | Reached skill level 1 in Alchemy
 16752 | Lair:3   | Identified the orb "Cimoss" {*channel, -Tele Int+4 Dex+6
                  | Stlth+}
 16927 | Lair:3   | Gained mutation: You are agile. (Dex +4, Str/Int -1)
                  | [potion of mutation]
 16927 | Lair:3   | Gained mutation: Your flesh is cold resistant. (rC+)
                  | [potion of mutation]
 16927 | Lair:3   | Gained mutation: Your mind is acute. (Int +4, Str/Dex -1)
                  | [potion of mutation]
 16932 | Lair:3   | Found a shimmering blue altar of Sif Muna.
 16980 | Lair:3   | Found a staircase to the Swamp.
 17369 | Lair:3   | Identified the amulet "Kucweqau" {Acrobat rC++}
 17471 | Lair:3   | Learned a level 3 spell: Inner Flame
 17627 | Lair:3   | Reached XP level 13. HP: 86/133 MP: 16/22
 19226 | Lair:4   | Noticed Urug
 19769 | Lair:4   | Killed Urug
 19853 | Lair:4   | Learned a level 4 spell: Fulminant Prism
 19898 | Lair:4   | Reached skill level 5 in Alchemy
 19950 | Lair:4   | Reached skill level 5 in Fire Magic
 21769 | Lair:5   | Entered Level 5 of the Lair of Beasts
 21996 | Lair:5   | Found a gate leading to a gauntlet.
 22005 | Gauntlet | Entered a Gauntlet
 22005 | Gauntlet | Found a transporter.
 22005 | Gauntlet | Found a transporter.
 22007 | Gauntlet | Found a transporter.
 22007 | Gauntlet | Found a transporter.
 22010 | Gauntlet | Found a transporter.
 22086 | Gauntlet | Found a transporter.
 22086 | Gauntlet | Found a transporter.
 22178 | Gauntlet | Found a transporter.
 22178 | Gauntlet | Found a transporter.
 22225 | Gauntlet | Found a transporter.
 22243 | Gauntlet | Found a transporter.
 22286 | Gauntlet | Found a transporter.
 22294 | Gauntlet | Identified the +0 pair of boots of Mutualism {rN+ Regen+
                  | Str+3 Dex+5}
 22295 | Gauntlet | Identified a scroll of acquirement
 22297 | Gauntlet | Found a transporter.
 22399 | Gauntlet | Noticed a minotaur
 22411 | Gauntlet | Killed a minotaur
 23100 | Lair:5   | Reached XP level 14. HP: 96/143 MP: 15/23
 23540 | Lair:5   | Found a runed translucent door.
 23552 | Lair:5   | Found a staircase to the Slime Pits.
 23578 | Lair:5   | Noticed Hanaexe's ghost (journeyman DgDe)
 24267 | Lair:5   | Reached skill level 10 in Conjurations
 24861 | Lair:5   | Paralysed by a hornet for 2 turns
 25580 | Lair:5   | Acquired the +7 great mace "Undeadhunter" {deathbane, rN+}
 25580 | Lair:5   | Found the +7 great mace "Undeadhunter" {deathbane, rN+}
 25903 | Lair:5   | Reached skill level 10 in Alchemy
 26144 | Lair:5   | Killed Hanaexe's ghost
 28120 | D:12     | Reached skill level 15 in Maces & Flails
 28486 | D:13     | Noticed Sonja
 28496 | Abyss:1  | Cast into level 1 of the Abyss (Sonja)
 28646 | Abyss:1  | Found a corrupted altar of Lugonu.
 28886 | Abyss:1  | Found a corrupted altar of Lugonu.
 28936 | Abyss:1  | Noticed a lorocyproca
 28944 | Abyss:1  | Killed a lorocyproca
 29029 | Abyss:1  | Noticed a tentacled starspawn
 29029 | Abyss:1  | Noticed a dread lich
 29036 | Abyss:1  | Killed a tentacled starspawn
 29038 | Abyss:1  | Noticed an Executioner
 29044 | Abyss:1  | Noticed a Hell Sentinel
 29048 | Abyss:1  | Found a corrupted altar of Lugonu.
 29095 | Abyss:1  | Paralysed by a dread lich for 2 turns
 29105 | D:13     | Escaped the Abyss
 29111 | D:13     | Killed Sonja
 29644 | D:13     | Reached XP level 15. HP: 109/149 MP: 16/24
 29648 | D:13     | Reached skill level 16 in Maces & Flails
 30067 | D:13     | Found a runed translucent door.
 30072 | D:13     | Noticed Arivif Woug's ghost (journeyman MiFi)
 30124 | D:13     | Killed Arivif Woug's ghost
 30128 | D:13     | Identified the staff "Tulebby" {Str+2 Int+4 Stlth- Earth}
 31574 | D:14     | Noticed Jorgrun
 31587 | D:14     | Killed Jorgrun
 31588 | D:14     | Reached skill level 17 in Maces & Flails
 32140 | D:14     | Paralysed by an ogre mage for 4 turns
 32149 | D:14     | Killed from afar by an ironbound thunderhulk

Illustrated notes

Levels and vault maps discovered:
D:1:      dpeg_arrival_brainrot, layout_basic
D:2:      layout_basic, serial_shops, nicolae_shop_window_shopping,
          nicolae_figureground_pulse
D:3:      layout_basic, kennysheep_slug_shrine,
          mainiacjoe_overflow_tiny_flanked, vehumet_altar_wand_db,
          nicolae_gozag_cash_rules_everything_around_me,
          hellmonk_ghost_happy_afterlife
D:4:      layout_cave_pools, mainiacjoe_overflow_alcove_1,
          minmay_temple_entry_proselytizer
D:5:      layout_basic, kennysheep_little_box,
          nicolae_uskayaw_murder_on_the_dancefloor, corexii_leaking_fountain,
          uniq_menkaure, uniq_blork_the_orc
D:6:      layout_basic, uniq_sigmund, uniq_eustachio
D:7:      layout_loops_corners, uniq_joseph
D:8:      layout_loops_corners, jmf_multi_god_temple2, hangedman_decor_points,
          nicolae_elevator_lobby_plus
D:9:      layout_roguey, mainiacjoe_overflow_brackets,
          nicolae_tso_swordbearing_angel
D:10:     layout_roguey, lemuel_round_altar, special_room [special_room_bee],
          minmay_protected_statue, uniq_lodul
D:11:     layout_roguey, hellmonk_lair_entry_icy, minivault_21
D:12:     layout_loops_cross
D:13:     layout_basic, gammafunk_ghost_grave, uniq_sonja
D:14:     layout_basic, hellmonk_vaults_keyhole, uniq_jorgrun
Temple:   hellmonk_temple_flake
Lair:1:   layout_gridlike, eino_small_chamber_without_monster, uniq_amaemon
Lair:2:   layout_layer_cave, nicolae_spider_entry_lesser_pyramids,
          hellmonk_guarded_unrand_zhor, uniq_prince_ribbit2
Lair:3:   layout_gridlike, minmay_swamp_entry_eels, lemuel_centaur_altar,
          grunt_megastairs_3
Lair:4:   layout_roguey, infiniplex_staircase_pool_2, uniq_urug
Lair:5:   minmay_lair_end_enchanted_forest, layout_gridlike, slime_entry_1,
          gauntlet_entry_generic, ebering_ghost_reflecting_pool,
          grunt_megastairs_5

Skill      XL: |  1  2  3  4  5  6  7  8  9 10 11 12 13 14 15 |
---------------+----------------------------------------------+-----
Fire Magic     | 3 5 |  5.0
Spellcasting   | 2 3 6 |  6.0
Hexes          | 1 2 3 5 |  5.0
Maces & Flails | 4 5 6 9 11 14 15 17 | 17.2
Fighting       | 5 10 | 10.0
Air Magic      | 1 3 |  3.0
Translocations | 3 |  3.0
Armour         | 4 5 |  5.0
Dodging        | 2 |  2.0
Conjurations   | 7 9 10 | 10.0
Earth Magic    | 4 |  4.0
Alchemy        | 3 7 10 | 10.0

Action                     |  1- 3 |  4- 6 |  7- 9 | 10-12 | 13-15 || total
---------------------------+-------+-------+-------+-------+-------++-------
  Melee: Mace              |    64 |     4 |       |       |       ||    68
         Headbutt          |     7 |     6 |    29 |    78 |   175 ||   295
         Flail             |       |    21 |       |       |       ||    21
         Dire flail        |       |       |   192 |   703 |   577 ||  1472
         Great mace        |       |       |       |       |   210 ||   210
   Cast: Scorch            |    25 |    21 |    49 |    98 |     6 ||   199
         Jinxbite          |       |     5 |    24 |    79 |    27 ||   135
         Blink             |       |       |       |     1 |     8 ||     9
         Brom's Barrelling |       |       |       |    14 |       ||    14
         Irradiate         |       |       |       |     4 |    67 ||    71
         Inner Flame       |       |       |       |     2 |     4 ||     6
         Swiftness         |       |       |       |       |     3 ||     3
         Fulminant Prism   |       |       |       |       |    25 ||    25
  Evoke: Wand              |       |       |       |     1 |     6 ||     7
    Use: Scroll            |     3 |     1 |     3 |    10 |     8 ||    25
         Potion            |       |       |       |     2 |     4 ||     6
 Armour: Robe              |    46 |    25 |   120 |       |       ||   191
         Acid dragon scale |       |       |    21 |    76 |       ||    97
         Steam dragon scal |       |       |     6 |   264 |       ||   270
         Animal skin       |       |       |       |   115 |   683 ||   798
  Dodge: Dodged            |    38 |    16 |    90 |   263 |   384 ||   791
  Block: Other             |     7 |    10 |    31 |   152 |       ||   200
         Reflection        |       |     1 |     1 |     2 |       ||     4

Table legend: (Time is in decaauts)
 A = Elapsed time spent in this place.
 B = Non-inter-level travel time spent in this place.
 C = Inter-level travel time spent in this place.
 D = Time resting spent in this place.
 E = Time spent auto-exploring this place.
 F = Levels seen in this place.
 G = Mean time per level.
                   A        B        C        D        E       F      G
               +--------+--------+--------+--------+--------+-----+--------+
         Total |  31681 |  30640 |   1041 |  10971 |  14842 |  22 | 1440.0 |
       Dungeon |  17930 |  17271 |    659 |   5257 |   9599 |  14 | 1280.7 |
        Temple |      1 |      1 |      0 |      0 |      0 |   1 |    1.0 |
          Lair |  12557 |  12176 |    381 |   4987 |   5235 |   5 | 2511.4 |
         Abyss |    620 |    620 |      0 |    391 |      0 |   1 |  620.0 |
      Gauntlet |    571 |    571 |      0 |    335 |      8 |   1 |  571.0 |
               +--------+--------+--------+--------+--------+-----+--------+

Top non-repeatable levels by time:
  Lair:5: 3583 daAuts
  Lair:3: 3373 daAuts
  Lair:2: 2587 daAuts
  Lair:4: 2223 daAuts
    D:12: 1918 daAuts
    D:11: 1690 daAuts
     D:6: 1664 daAuts
    D:10: 1662 daAuts
     D:8: 1584 daAuts
     D:7: 1581 daAuts
     D:3: 1344 daAuts
    D:13: 1274 daAuts
    D:14: 1248 daAuts
     D:1: 916 daAuts
  Lair:1: 788 daAuts
